 Dungeon Crawl Stone Soup version 0.27.1-33-g824d729ab1 (webtiles) character file.

Game seed: 880535439554438529

55 lordive the Slasher (level 3, -3/33 HPs)
             Began as a Minotaur Monk on Dec 27, 2021.
             Slain by a goblin (5 damage)
             ... led by Robin
             ... on level 2 of the Dungeon.
             The game lasted 00:01:19 (1144 turns).

lordive the Slasher (Minotaur Monk)                 Turns: 1144, Time: 00:01:20

Health: -3/33      AC:  3    Str: 16    XL:     3   Next: 67%
Magic:  2/2        EV: 13    Int:  7    God:
Gold:   18         SH:  0    Dex: 12    Spells: 2/2 levels left

rFire    . . .     SeeInvis .   a - +0 falchion
rCold    . . .     Faith    .   (no shield)
rNeg     . . .     Spirit   .   b - +0 robe
rPois    .         Reflect  .   (helmet restricted)
rElec    .         Harm     .   (no cloak)
rCorr    .         Rampage  .   g - +0 pair of gloves
Will     .....                  (no boots)
Stlth    ++........             (no amulet)
HPRegen  0.11/turn              (no ring)
MPRegen  0.08/turn              (no ring)

@: no status effects
A: horns 2, retaliatory headbutt
a: no special abilities


You were on level 2 of the Dungeon.
You visited 1 branch of the dungeon, and saw 2 of its levels.

You collected 18 gold pieces.

Inventory:

Hand Weapons
 a - a +0 falchion (weapon)
Armour
 b - a +0 robe (worn)
 d - a +0 kite shield
 g - a +0 pair of gloves (worn)
Wands
 h - a wand of digging (3)
Scrolls
 e - a scroll of vulnerability {unknown}
 f - 3 scrolls of identify {unknown}
Potions
 c - a potion of curing {unknown}


   Skills:
 + Level 4.2 Fighting
 + Level 4.4 Long Blades
 + Level 3.8 Dodging
 + Level 2.0 Stealth


You had 2 spell levels left.
You didn't know any spells.
Your spell library contained the following spells:

 Spells                   Type           Power      Damage    Failure   Level
 Pain                     Necr           0%         1d4       43%         1
 Agony                    Necr           0%         N/A       100%        5
 Excruciating Wounds      Necr           0%         N/A       100%        5


Dungeon Overview and Level Annotations

Branches:
Dungeon (2/15)

Altars:


Innate Abilities, Weirdness & Mutations

You have a pair of horns on your head.
You reflexively headbutt those who attack you in melee.


Message History

The hobgoblin no longer looks unusually strong.
Robin's bangles clink loudly.
Robin throws the goblin at you! The goblin hits you with a +0 club.
* * * LOW HITPOINT WARNING * * *
You hit Robin but do no damage.
Robin is severely wounded.
Robin roars a battlecry!
The hobgoblin goes into a battle-frenzy!
The goblin closely misses you.
You barely miss Robin.
Robin is severely wounded.
Robin misses you. You furiously retaliate!
You headbutt Robin, but do no damage. The goblin hits you with a +0 club.
* * * LOW HITPOINT WARNING * * *
You hit Robin.
Robin is almost dead.
The goblin no longer looks unusually strong.
Robin closely misses you.
You riposte.
You hit Robin.
You kill Robin!
The goblin barely misses you. The goblin misses you.
Items here: )) [[ †††.
You barely miss the goblin. The goblin misses you. You furiously retaliate!
You headbutt the goblin. The goblin misses you. You furiously retaliate!
You headbutt the goblin!
You kill the goblin!
You hit the goblin. Your headbutt misses the goblin.
The goblin is severely wounded.
The goblin hits you with a +0 club.
* * * LOW HITPOINT WARNING * * *
You closely miss the goblin.
The goblin is severely wounded.
The goblin misses you.
You riposte.
You barely miss the goblin. Your headbutt misses the goblin.
The goblin is severely wounded.
The goblin barely misses you.
You hit the goblin.
The goblin is almost dead.
The goblin hits you with a +0 club.
You die...

# ... #..#########
#.bgg@))...###########
....########.....).....#
. ###########.# # #.# g#
########.# # .#.###
.........# .# #....##
########.# #.## #......
#.# #.###.##.#.# #.)


You could see a hobgoblin (strong), a goblin (strong) and a bat.

Vanquished Creatures
  Robin (D:2)
  An adder (D:2)
  A dart slug (D:2)
  A ball python (D:1)
  An endoplasm (D:1)
  A giant cockroach (D:1)
  7 goblins
  4 hobgoblins
  A quokka (D:1)
  A bat (D:2)
  3 frilled lizards
  8 kobolds
  2 rats (D:2)
32 creatures vanquished.

Notes
Turn   | Place    | Note
-------+----------+-------------------------------------------
     0 | D:1      | lordive the Minotaur Monk began the quest for the Orb.
     0 | D:1      | Reached XP level 1. HP: 19/19 MP: 0/0
   286 | D:1      | Reached XP level 2. HP: 19/27 MP: 1/1
   982 | D:2      | Reached XP level 3. HP: 33/33 MP: 2/2
  1118 | D:2      | Noticed Robin
  1139 | D:2      | Killed Robin
  1144 | D:2      | Slain by a goblin

Illustrated notes

Levels and vault maps discovered:
D:1:      heliophobic_arrival_battle_scene, layout_basic
D:2:      layout_loops_ring, grunt_ministairs_2, uniq_robin

Skill      XL: |  1  2  3 |
---------------+----------+-----
Long Blades    | 4 |  4.4
Fighting       | 4 |  4.2
Stealth        | 2 |  2.0
Dodging        | |  3.8

Action                   || total
-------------------------++-------
Melee: Falchion          ||    64
       Headbutt          ||    12
 Stab: Sleeping          ||     5
Armor: Robe              ||     6
Dodge: Dodged            ||    43
       Rpst.: Falchion   ||    13
